Description

To anyone who wanted a super standard blink/robo opening that goes into a 3rd base and chargelot/immortal/archon then this build is not for you. I'm really not a fan of this boring passive meta right now so I've been doing some other builds instead, including this one. This build has been giving me tons of success on ladder and it's very fun to execute.

VOD

https://youtu.be/_9HMv847_IU?t=1069

Build Order

Get SALT Encoding   

  14  0:17  Pylon  
  16  0:37  Gateway  
  16  0:42  Assimilator  
  17  0:51  Assimilator  
  18  1:06  Gateway  
  19  1:24  Cybernetics Core  
  21  1:33  Pylon  
  23  2:01  Stalker x2  
  27  2:02  Warp Gate (Chrono Boost)  
  29  2:21  Robotics Facility  
  27  2:27  Mothership Core  
  27  2:29  Pylon  
  29  2:54  Nexus  
  29  2:58  Sentry  
  31  3:12  Immortal (Chrono Boost)  
  35  3:23  Sentry  
  37  3:29  Gateway  
  37  3:34  Pylon  
  37  3:46  Warp Prism (Chrono Boost)  
  39  3:54  Stalker  
  41  4:01  Stalker  
  46  4:23  Stalker  
  49  4:28  Stalker  
  51  4:35  Observer (Chrono Boost)  
  53  4:43  Stalker x2  
  57  4:53  Pylon  
  57  5:00  Stalker  
  57  5:06  Stalker  
Spawning Tool Build Advisor. Get it on Overwolf

Go to:

Details

  • Created by: zelos_Hartmann
  • Published on: Sep 17, 2017
  • Modified on: Sep 17, 2017
  • Patch: 3.8.0
Show
View Real Time Build Order
Export as new Build Order

Comments (0)

There are no comments. Be the first!

Create an account to comment!